 Dungeon Crawl Stone Soup version 0.24.1-14-gf8d2b509d9 (webtiles) character file.

Game seed: 3438135343673327030, levelgen mode: deterministic

4155 Mrkan the Cleaver (level 10, -8/92 HPs)
             Began as a Deep Dwarf Fighter on May 23, 2020.
             Was an Elder of Makhleb.
             Mangled by a two-headed ogre
             ... wielding a +0 giant club
              (11 damage)
             ... on level 8 of the Dungeon.
             The game lasted 00:12:59 (7734 turns).

Mrkan the Cleaver (Deep Dwarf Fighter)              Turns: 7734, Time: 00:13:00

Health: -8/92      AC: 14    Str: 23    XL:     10   Next: 7%
Magic:  6/6        EV:  6    Int:  9    God:    Makhleb [****..]
Gold:   399        SH: 11    Dex: 12    Spells: 9/9 levels left

rFire    . . .     SeeInvis .   a - +0 war axe
rCold    . . .     Gourm    .   c - +0 shield
rNeg     . . .     Faith    .   u - +0 chain mail
rPois    .         Spirit   .   I - +0 helmet
rElec    .         Reflect  .   r - +0 cloak
rCorr    .         Harm     .   (no gloves)
MR       +....                  K - +0 pair of boots
Stlth    ..........             (no amulet)
HPRegen  0.00/turn              (no ring)
MPRegen  0.10/turn              (no ring)

@: non-regenerating
A: damage resistance, heal wounds, sense surroundings 2, no regeneration
a: Heal Wounds, Minor Destruction, Lesser Servant of Makhleb, Major Destruction,
Renounce Religion


You were on level 8 of the Dungeon.
You worshipped Makhleb.
Makhleb was greatly pleased with you.
You were not hungry.

You visited 2 branches of the dungeon, and saw 9 of its levels.
You also visited: Ossuary.

You collected 399 gold pieces.

Inventory:

Hand Weapons
 a - a +0 war axe (weapon)
 J - a +0 morningstar
Armour
 c - a +0 shield (worn)
 o - a +0 helmet
 r - a +0 cloak (worn)
 u - a +0 chain mail (worn)
 I - a +0 helmet (worn)
 K - a +0 pair of boots (worn)
Jewellery
 w - an uncursed ring of poison resistance {unknown}
 z - an uncursed ring of flight {unknown}
Wands
 k - a wand of polymorph (5)
 s - a wand of random effects (7)
 F - a wand of digging (4)
Scrolls
 e - a scroll of enchant weapon {unknown}
 h - 5 scrolls of identify {unknown}
 j - 6 scrolls of teleportation {unknown}
 l - a scroll of amnesia {unknown}
 m - 8 scrolls of remove curse {unknown}
 p - 4 scrolls of fear {unknown}
 x - a scroll of noise {unknown}
 y - 2 scrolls of fog {unknown}
 E - a scroll of magic mapping {unknown}
 G - a scroll of enchant armour {unknown}
Potions
 b - 4 potions of degeneration {unknown}
 d - 2 potions of might
 g - 9 potions of heal wounds
 i - 2 potions of mutation {unknown}
 n - a potion of brilliance {unknown}
 q - 5 potions of curing {unknown}
 t - 2 potions of magic {unknown}
 v - 3 potions of flight {unknown}
 A - a potion of resistance {unknown}
 B - 2 potions of agility
 C - 2 potions of invisibility {unknown}
 D - a potion of lignification {unknown}
 H - 2 potions of ambrosia {unknown}
Comestibles
 f - 12 rations
 L - 13 chunks of flesh


   Skills:
 + Level 6.4 Fighting
 * Level 10.1 Axes
 + Level 7.8 Armour
 + Level 7.8 Shields
 + Level 3.2 Invocations


You had 9 spell levels left.
You didn't know any spells.
Your spell library was empty.

Dungeon Overview and Level Annotations

Branches:
Dungeon (8/15)             Temple (1/1) D:4         Ossuary (visited)
   Lair: D:8-11

Altars:
Ashenzari
Cheibriados
Dithmenos
Elyvilon
Fedhas
Gozag
Hepliaklqana
Kikubaaqudgha
Makhleb
Nemelex Xobeh
Okawaru
Qazlal
Ru
Trog
Uskayaw
Vehumet
Wu Jian
Xom
Yredelemnul
Zin
The Shining One

Shops:
D:7 :

Annotations:
D:3 2 runed translucent doors, terminal's ghost, amateur HaHu


Innate Abilities, Weirdness & Mutations

You are resistant to damage.
You can heal yourself by infusing magical energy.
You passively map the area around you.
You do not regenerate.


Message History

The two-headed ogre is lightly wounded.
You feel much better.
The two-headed ogre hits you with a +0 giant club!
The two-headed ogre hits you with a +0 giant spiked club!
* * * LOW HITPOINT WARNING * * *
You slash the two-headed ogre!
The two-headed ogre is moderately wounded.
The two-headed ogre hits you with a +0 giant club!
* * * LOW HITPOINT WARNING * * *
You block the two-headed ogre's attack.
You hit the two-headed ogre but do no damage.
The two-headed ogre is moderately wounded.
The two-headed ogre hits you with a +0 giant club.
* * * LOW HITPOINT WARNING * * *
The two-headed ogre hits you with a +0 giant spiked club.
* * * LOW HITPOINT WARNING * * *
You slash the two-headed ogre!
The two-headed ogre is heavily wounded.
The two-headed ogre hits you with a +0 giant club!
You die...

##################
............(#...#
.............#...#
.............#...#
.............#...#
#....##......#!..#
.....##+###..##.O#
.....##..##..###@#
......#..........#
#######..........#
.....##..........#
.....##..##..##..#
.....##..##..##..#
.................#
.....##..........#
#######..##..##..#


You could see a two-headed ogre.

Vanquished Creatures
  Grinder (D:5)
  Eustachio (D:6)
  Menkaure (D:5)
  Edmund (D:4)
  Duvessa (D:5)
  A black bear (D:7)
  2 ice beasts
  4 sky beasts
  An orc warrior (D:8)
  7 ogres
  Blork the orc (D:4)
  4 bullfrogs
  2 big kobolds
  A gnoll sergeant (D:8)
  A wyvern zombie (D:8)
  A scorpion (D:5)
  Dowan (D:5)
  A howler monkey (D:3)
  2 crimson imps
  4 centaur zombies (Ossuary)
  A bullfrog skeleton (D:6)
  6 orc priests
  A jelly (D:6)
  A quasit (D:6)
  Crazy Yiuf (D:3)
  A centaur skeleton (D:6)
  6 hounds
  A gnoll shaman (D:4)
  Jessica (D:2)
  3 worker ants
  Natasha (D:4)
  4 orc wizards
  An iguana (D:4)
  An ogre zombie (Ossuary)
  A hound zombie (D:8)
  7 mummies (Ossuary)
  12 gnolls
  10 adders
  A shadow imp (D:5)
  An ooze (D:1)
  2 adder skeletons
  An adder zombie (Ossuary)
  4 worms (D:2)
  A dart slug (D:3)
  5 leopard geckos
  17 orcs
  2 ball pythons
  3 giant cockroaches
  A gnoll zombie (Ossuary)
  6 goblins
  10 hobgoblins
  5 jackals
  6 quokkas
  9 bats
  5 frilled lizards
  4 goblin zombies (Ossuary)
  7 hobgoblin zombies (Ossuary)
  15 kobolds
  5 kobold zombies (Ossuary)
  4 quokka zombies (Ossuary)
  6 rats (D:1)
  3 rat zombies (Ossuary)
  A fungus (D:3)
221 creatures vanquished.

Notes
Turn   | Place    | Note
-------+----------+-------------------------------------------
     0 | D:1      | Mrkan the Deep Dwarf Fighter began the quest for the Orb.
     0 | D:1      | Reached XP level 1. HP: 20/20 MP: 1/1
   258 | D:1      | Reached XP level 2. HP: 20/27 MP: 2/2
   491 | D:1      | Reached skill level 3 in Axes
   491 | D:1      | Reached XP level 3. HP: 7/33 MP: 3/3
  1249 | D:2      | You fall into a shaft and drop 2 floors!
  1286 | D:4      | Noticed Blork the orc
  1287 | D:4      | Noticed an ogre
  1287 | D:4      | Noticed Natasha
  1543 | D:2      | Reached XP level 4. HP: 19/42 MP: 3/3
  2056 | D:2      | Noticed Jessica
  2068 | D:2      | Killed Jessica
  2178 | D:2      | Reached skill level 4 in Axes
  2178 | D:2      | Reached XP level 5. HP: 32/49 MP: 4/4
  2198 | D:3      | Found a large runed translucent door.
  2199 | D:3      | Found a large runed translucent door.
  2210 | D:3      | Noticed terminal's ghost (amateur HaHu)
  2315 | D:3      | Found a sacrificial altar of Ru.
  2542 | D:3      | Found a runed translucent door.
  2543 | D:3      | Noticed Crazy Yiuf
  2552 | D:3      | Killed Crazy Yiuf
  2655 | D:4      | Noticed Edmund
  2656 | D:4      | Found a staircase to the Ecumenical Temple.
  2680 | D:4      | Killed Natasha
  2680 | D:4      | Reached XP level 6. HP: 13/57 MP: 5/5
  2719 | D:4      | Killed Edmund
  2719 | D:4      | Reached skill level 5 in Axes
  2730 | Temple   | Entered the Ecumenical Temple
  2759 | Temple   | Became a worshipper of Makhleb the Destroyer
  2807 | D:4      | Killed Blork the orc
  2852 | D:4      | Found an ornate altar of the Wu Jian Council.
  2889 | D:4      | HP: 2/57 [iguana (4)]
  2937 | D:4      | Reached XP level 7. HP: 13/64 MP: 6/6
  3031 | D:4      | Reached skill level 5 in Armour
  3031 | D:4      | Reached skill level 5 in Shields
  3099 | D:4      | Reached skill level 6 in Axes
  3157 | D:5      | Entered Level 5 of the Dungeon
  3335 | D:5      | Reached * piety under Makhleb
  3525 | D:5      | Noticed Dowan
  3526 | D:5      | Noticed Duvessa
  3544 | D:5      | Killed Dowan
  3544 | D:5      | Reached XP level 8. HP: 37/73 MP: 4/4
  3552 | D:5      | Killed Duvessa
  3552 | D:5      | Reached skill level 7 in Axes
  3688 | D:5      | Noticed Grinder
  3721 | D:5      | HP: 3/73 [Grinder/nerve-wracking pain (8)]
  3725 | D:5      | Paralysed by Grinder for 3 turns
  3735 | D:5      | Killed Grinder
  3735 | D:5      | Reached skill level 5 in Fighting
  3917 | D:5      | Noticed Menkaure
  3926 | D:5      | Killed Menkaure
  3934 | D:5      | Reached skill level 8 in Axes
  4384 | D:6      | Found a sand-covered staircase.
  4391 | Ossuary  | Entered an ossuary
  4495 | Ossuary  | Reached ** piety under Makhleb
  4498 | Ossuary  | Gained mutation: You passively map the area around you.
                  | [Deep Dwarf growth]
  4498 | Ossuary  | Reached XP level 9. HP: 34/81 MP: 3/3
  5162 | D:6      | Noticed Eustachio
  5176 | D:6      | Killed Eustachio
  5176 | D:6      | Reached skill level 9 in Axes
  5185 | D:6      | Reached *** piety under Makhleb
  5883 | D:7      | Found an iron altar of Okawaru.
  5883 | D:7      | Found an ancient bone altar of Kikubaaqudgha.
  5944 | D:7      | Reached skill level 1 in Invocations
  5985 | D:7      | Found Juf Pisch's Book Emporium.
  6213 | D:7      | Found a snail-covered altar of Cheibriados.
  6520 | D:7      | HP: 3/82 [ogre/cursed -1 giant club (3)]
  6754 | D:7      | HP: 1/82 [black bear (5)]
  7350 | D:8      | Reached skill level 10 in Axes
  7402 | D:8      | Reached XP level 10. HP: 66/92 MP: 6/6
  7449 | D:8      | Reached **** piety under Makhleb
  7720 | D:8      | Noticed a two-headed ogre
  7733 | D:8      | HP: 3/92 [two-headed ogre/+0 giant club (2)]
  7734 | D:8      | Mangled by a two-headed ogre

Levels and vault maps discovered:
D:1:      beargit_arrival_greenhouse, layout_basic, minmay_tripent
D:2:      layout_basic, kennysheep_generic_room_2, uniq_jessica
D:3:      layout_rooms, ebering_ghost_disaster_area,
          nicolae_ru_great_annihilating_truth, uniq_crazy_yiuf_cottage
D:4:      layout_rooms, kennysheep_mini_moat, temple_pool_b, first_ration,
          hangedman_abyss_or_decor_lesser_grid, uniq_blork_the_orc,
          uniq_natasha, uniq_edmund
D:5:      layout_basic, nicolae_zen_rock_garden, uniq_menkaure, uniq_grinder,
          uniq_duvessa
D:6:      layout_layer_cave, nicolae_ossuary_entry_plus, hangedman_glass_teeth,
          uniq_eustachio
D:7:      layout_gridville, old_standard_altar,
          chequers_temple_overflow_statue_of_worship, serial_shops, shop,
          grunt_tough_drop
D:8:      layout_gridville
Temple:   lightli_temple_of_artemis

Skill      XL: |  1  2  3  4  5  6  7  8  9 |
---------------+----------------------------+-----
Axes           | 3 4 5 6 8 10 | 10.1
Fighting       | 3 4 5 6 |  6.4
Armour         | 4 5 6 7 |  7.8
Shields        | 4 5 6 7 |  7.8
Invocations    | 3 |  3.2

Action                   |  1- 3 |  4- 6 |  7- 9 | 10-12 || total
-------------------------+-------+-------+-------+-------++-------
Melee: War axe           |   124 |   196 |   632 |    54 ||  1006
       Unarmed           |       |     5 |       |       ||     5
 Abil: Heal Wounds       |     3 |     3 |    10 |     1 ||    17
 Stab: Invisible         |       |     1 |       |       ||     1
  Eat: Chunk             |     2 |     5 |    15 |     2 ||    24
Armor: Scale mail        |    41 |    92 |       |       ||   133
       Chain mail        |       |       |   332 |    19 ||   351
Dodge: Dodged            |    42 |    53 |   122 |    11 ||   228
Block: Shield            |    63 |    88 |   336 |    22 ||   509
